 Dungeon Crawl Stone Soup version 0.29.0-11-gd7f09526c8 (webtiles) character file.

Game seed: 14936916857966409135

55 Zeld the Chopper (level 3, -1/33 HPs)
             Began as a Hill Orc Monk on Sept 2, 2022.
             Slain by Terence
             ... wielding a +0 short sword
              (4 damage)
             ... on level 3 of the Dungeon.
             The game lasted 00:01:49 (2203 turns).

Zeld the Chopper (Hill Orc Monk)                    Turns: 2203, Time: 00:01:50

Health: -1/33      AC:  2    Str: 15    XL:     3   Next: 93%
Magic:  3/3        EV: 12    Int: 10    God:
Gold:   114        SH:  0    Dex: 13    Spells: 2/2 levels left

rFire   . . .      SeeInvis .   a - +0 hand axe
rCold   . . .      Faith    .   (no shield)
rNeg    . . .      Spirit   .   b - +0 robe
rPois   .          Reflect  .   (no helmet)
rElec   .          Harm     .   (no cloak)
rCorr   .          Rampage  .   (no gloves)
Will    .....                   (no boots)
Stlth   ++........              (no amulet)
HPRegen 0.11/turn               (no ring)
MPRegen 0.08/turn               (no ring)

@: no status effects
A: no striking features
a: no special abilities


You were on level 3 of the Dungeon.
You visited 1 branch of the dungeon, and saw 3 of its levels.

You collected 114 gold pieces.

Inventory:

Hand Weapons
 a - a +0 hand axe (weapon)
Missiles
 m - 3 poisoned darts
Armour
 b - a +0 robe (worn)
Jewellery
 h - a ring of ice
Scrolls
 e - a scroll of vulnerability {unknown}
 f - 2 scrolls of butterflies {unknown}
 g - a scroll of enchant armour {unknown}
 i - 2 scrolls of teleportation {unknown}
 j - 2 scrolls of enchant weapon {unknown}
 k - a scroll of blinking {unknown}
 n - 2 scrolls of identify {unknown}
 p - a scroll of amnesia {unknown}
 q - a scroll of noise {unknown}
 r - a scroll of magic mapping {unknown}
Potions
 l - a potion of curing {unknown}
 o - a potion of heal wounds {unknown}


   Skills:
 + Level 4.1 Fighting
 * Level 5.0 Axes
 + Level 2.7 Dodging
 + Level 2.1 Stealth


You had 2 spell levels left.
You didn't know any spells.
Your spell library contained the following spells:

 Spells                   Type           Power      Damage    Failure   Level
 Sandblast                Erth           0%         2d4       36%         1
 Passwall                 Tmut/Erth      0%         N/A       50%         2
 Dazzling Flash           Conj/Hex       0%         N/A       75%         3
 Stone Arrow              Conj/Erth      0%         3d7       75%         3
 Iskenderun's Mystic Bla  Conj/Tloc      0%         2d3       98%         4
 Fireball                 Conj/Fire      0%         3d3       100%        5
 Starburst                Conj/Fire      0%         6d3       100%        6
 Ignition                 Fire           0%         3d3       100%        8


Dungeon Overview and Level Annotations

Branches:
Dungeon (3/15)

Altars:

Annotations:
D:3 Terence


Message History

Press: ? - help, Shift-Dir - straight line, f/p - Terence
Aim: Terence, wielding a +0 short sword and wearing a +0 chain mail (moderately wounded, 67% to hit)
You throw a javelin.
The javelin pierces through Terence but does no damage.
Terence is moderately wounded.
The javelin pierces through the kobold.
The kobold is moderately wounded.
Terence completely misses you. Terence barely misses you.
Unknown command.
Throw: 2 javelins
Press: ? - help, Shift-Dir - straight line, f/p - Terence
Aim: Terence, wielding a +0 short sword and wearing a +0 chain mail (moderately wounded, 67% to hit)
You throw a javelin. The javelin pierces through Terence!
Terence is severely wounded.
The javelin closely misses the kobold.
Terence closely misses you.
Throw: javelin
Press: ? - help, Shift-Dir - straight line, f/p - Terence
Aim: Terence, wielding a +0 short sword and wearing a +0 chain mail (severely wounded, 67% to hit)
You throw a javelin. The javelin closely misses Terence.
The javelin pierces through the kobold but does no damage.
Terence hits you with a +0 short sword. Terence misses you.
Unknown command.
Throw: 5 darts (poison)
Press: ? - help, Shift-Dir - straight line, f/p - Terence
Aim: Terence, wielding a +0 short sword and wearing a +0 chain mail (severely wounded, 67% to hit)
You throw a poisoned dart. The poisoned dart hits Terence.
Terence is poisoned.
Terence is severely wounded.
Terence barely misses you.
Throw: 4 darts (poison)
Press: ? - help, Shift-Dir - straight line, f/p - Terence
Aim: Terence, wielding a +0 short sword and wearing a +0 chain mail (severely wounded, poisoned, 67% to hit)
You throw a poisoned dart. The poisoned dart hits Terence.
Terence is severely wounded.
Terence hits you with a +0 short sword.
* * * LOW HITPOINT WARNING * * *
Terence attacks as you move away! Terence hits you with a +0 short sword.
* * * LOW HITPOINT WARNING * * *
Terence attacks as you move away! Terence hits you with a +0 short sword.
You die...

.#.# #.# #.#
.#.# #.# #†#
...# #.# #.#
#### #.# #.#
#.# ###(#
#.#######.#K#
#.........#.#
#########.#@#
#.#@# #...#
###.# ###


You could see Terence (poisoned) and a kobold.

Vanquished Creatures
  2 adders (D:2)
  2 worms (D:2)
  2 bats
  2 endoplasms
  3 goblins
  4 hobgoblins
  4 jackals (D:3)
  6 ball pythons
  2 frilled lizards
  3 rats
30 creatures vanquished.

Notes
Turn   | Place    | Note
-------+----------+-------------------------------------------
     0 | D:1      | Zeld the Hill Orc Monk began the quest for the Orb.
     0 | D:1      | Reached XP level 1. HP: 19/19 MP: 1/1
   650 | D:2      | Reached XP level 2. HP: 22/27 MP: 2/2
   988 | D:2      | Reached XP level 3. HP: 10/33 MP: 3/3
  2124 | D:3      | Reached skill level 5 in Axes
  2149 | D:3      | Noticed Terence
  2203 | D:3      | Slain by Terence

Illustrated notes

Levels and vault maps discovered:
D:1:      tarquinn_simple_flora_water_a, layout_basic
D:2:      layout_rooms
D:3:      layout_basic, mainiacjoe_overflow_concentric_impassable,
          kiku_gazebo_pond_becter, minmay_cupped, uniq_terence, uniq_jessica

Skill      XL: |  1  2  3 |
---------------+----------+-----
Fighting       | 4 |  4.1
Stealth        | 2 |  2.1
Axes           | 5 |  5.0
Dodging        | |  2.7

Action                   || total
-------------------------++-------
Melee: Hand axe          ||   102
Throw: Javelin           ||     4
       Dart              ||     3
  Use: Potion            ||     1
 Stab: Sleeping          ||     3
Armor: Robe              ||    20
Dodge: Dodged            ||    87
